[ PARTIDA AOE2 · #480139867 ]
Team RMBorgoñones vs Malians
[ ANÁLISIS DE REPETICIÓN · EXTRAÍDO DE LA PARTIDA GRABADA ]
Feudal
20:12
Castillos
34:25
Imperial
—
| APM promedio | 10.4 |
| APM pico | 37 |
| eAPM promedio | 8.0 |
| Aldeanos / militares | 68 / 55 |
Foco
⚔️ 17.8% · 🌾 82.2%
Militia ×29 · Coustillier ×10 · Archer ×8 · Knight ×8
Feudal
15:18
Castillos
22:58
Imperial
40:32
| APM promedio | 24.9 |
| APM pico | 61 |
| eAPM promedio | 12.5 |
| Aldeanos / militares | 87 / 72 |
Foco
⚔️ 29.3% · 🌾 70.7%
Spearman ×34 · Knight ×17 · Militia ×12 · Gbeto ×7 · Trebuchet (Packed) ×2
Feudal
17:08
Castillos
24:34
Imperial
39:37
| APM promedio | 8.8 |
| APM pico | 21 |
| eAPM promedio | 6.3 |
| Aldeanos / militares | 42 / 109 |
Foco
⚔️ 30.3% · 🌾 69.7%
Militia ×61 · Spearman ×29 · Battering Ram ×13 · Fishing Ship ×12 · Scorpion ×5 · Monk ×1
Feudal
14:46
Castillos
23:36
Imperial
—
| APM promedio | 10.1 |
| APM pico | 21 |
| eAPM promedio | 6.3 |
| Aldeanos / militares | 46 / 16 |
Foco
⚔️ 17.8% · 🌾 82.2%
Knight ×14 · Scout Cavalry ×1 · Monk ×1
Mapa de la partida
Recursos al inicio + cada clic de construcción. Línea gruesa = muro · recuadro discontinuo = muro de casas detectado. 🟡 oro · ⚪ piedra · 🟢 bayas · 🔶 jabalí · ⭕ reliquia
Tu base· Abierta — hueco de 9t
Base de 挂逼老哥每天去会所· Abierta — flanco sin cerrar
Base de GORRbarbarian· Abierta — flanco sin cerrar
Base de 45001072· Abierta — flanco sin cerrar
Terreno con relieve · ⚠ = hueco de muro detectado · pasá el cursor para detalles
Inputs por minuto
— Denisov - - 挂逼老哥每天去会所
Build order — Denisov
Primeras 150 de 193 acciones detectadas
| 0:55 | Construir | Town Center |
| 3:20 | Crear | Villager (Male) |
| 3:21 | Crear | Villager (Male) |
| 3:21 | Crear | Villager (Male) |
| 3:21 | Crear | Villager (Male) |
| 4:23 | Construir | House |
| 4:59 | Construir | House |
| 5:02 | Construir | House |
| 5:16 | Crear | Villager (Male) |
| 5:41 | Construir | Mill |
| 5:45 | Crear | Villager (Male) |
| 6:18 | Crear | Villager (Male) |
| 7:07 | Crear | Villager (Male) ×2 |
| 8:16 | Crear | Villager (Male) |
| 8:30 | Construir | Lumber Camp |
| 8:47 | Crear | Villager (Male) ×3 |
| 9:21 | Construir | House |
| 9:28 | Crear | Villager (Male) |
| 10:06 | Construir | House |
| 10:11 | Crear | Villager (Male) |
| 10:40 | Construir | Barracks |
| 11:00 | Crear | Villager (Male) |
| 11:00 | Crear | Villager (Male) |
| 11:31 | Construir | House |
| 11:31 | Construir | House |
| 11:32 | Construir | House |
| 11:33 | Construir | House |
| 11:33 | Construir | House |
| 11:34 | Construir | House |
| 11:34 | Construir | House |
| 11:34 | Construir | House |
| 11:37 | Construir | House |
| 11:37 | Construir | House |
| 11:37 | Construir | House |
| 11:38 | Construir | House |
| 11:38 | Construir | House |
| 11:41 | Construir | House |
| 11:42 | Construir | House |
| 11:42 | Construir | House |
| 11:42 | Construir | House |
| 11:42 | Construir | House |
| 11:43 | Construir | House |
| 11:43 | Construir | House |
| 11:43 | Construir | House |
| 11:52 | Construir | House |
| 11:57 | Crear | Villager (Male) |
| 12:26 | Crear | Villager (Male) |
| 12:39 | Construir | Mining Camp |
| 13:03 | Investigar | Horse Collar |
| 14:02 | Construir | Farm |
| 14:04 | Construir | Farm |
| 14:05 | Construir | Farm |
| 14:06 | Construir | Farm |
| 14:08 | Construir | Farm |
| 14:08 | Construir | Farm |
| 14:10 | Construir | Farm |
| 14:11 | Construir | Farm |
| 14:13 | Construir | Farm |
| 14:13 | Construir | Farm |
| 14:13 | Construir | Farm |
| 14:16 | Crear | Villager (Male) |
| 14:45 | Crear | Villager (Male) |
| 15:22 | Construir | Mining Camp |
| 15:39 | Crear | Villager (Male) |
| 15:39 | Crear | Villager (Male) |
| 15:44 | Construir | Farm |
| 15:44 | Construir | Farm |
| 15:46 | Construir | Farm |
| 15:46 | Construir | Farm |
| 15:46 | Construir | Farm |
| 15:47 | Construir | Farm |
| 15:47 | Construir | Farm |
| 15:47 | Construir | Farm |
| 15:47 | Construir | Farm |
| 15:48 | Construir | Farm |
| 15:48 | Construir | Farm |
| 15:48 | Construir | Farm |
| 15:49 | Construir | Farm |
| 15:50 | Construir | Farm |
| 15:50 | Construir | Farm |
| 15:50 | Construir | Farm |
| 15:51 | Construir | Farm |
| 15:51 | Construir | Farm |
| 16:16 | Construir | Farm |
| 16:17 | Construir | Farm |
| 16:26 | Construir | Farm |
| 16:31 | Construir | Farm |
| 17:25 | Construir | Farm |
| 17:25 | Construir | Farm |
| 17:26 | Construir | Farm |
| 17:26 | Construir | Farm |
| 17:26 | Construir | Farm |
| 18:02 | Investigar | Feudal Age |
| 20:12 | Edad | Edad Feudal |
| 20:24 | Construir | Watch Tower |
| 20:34 | Crear | Villager (Male) |
| 20:39 | Crear | Villager (Male) ×5 |
| 21:14 | Crear | Villager (Male) ×5 |
| 22:16 | Construir | House |
| 22:17 | Construir | House |
| 22:18 | Construir | House |
| 23:14 | Construir | Barracks |
| 23:46 | Construir | Archery Range |
| 23:50 | Construir | Stable |
| 24:10 | Construir | House |
| 24:14 | Construir | House |
| 25:38 | Crear | Villager (Male) ×5 |
| 26:26 | Construir | Lumber Camp |
| 26:53 | Crear | Villager (Male) ×5 |
| 27:36 | Construir | Mining Camp |
| 27:52 | Construir | House |
| 27:52 | Construir | House |
| 27:54 | Construir | House |
| 28:02 | Crear | Archer ×4 |
| 28:03 | Crear | Archer ×4 |
| 28:17 | Crear | Militia ×5 |
| 28:17 | Crear | Militia ×5 |
| 28:17 | Crear | Militia ×5 |
| 28:17 | Crear | Militia ×4 |
| 28:18 | Crear | Militia ×4 |
| 28:38 | Investigar | Double-Bit Axe |
| 28:43 | Investigar | Heavy Plow |
| 29:27 | Investigar | Man-at-Arms (upgrade) |
| 29:45 | Construir | Market |
| 30:47 | Construir | Farm |
| 30:47 | Construir | Farm |
| 30:49 | Construir | Farm |
| 30:50 | Construir | Farm |
| 30:50 | Construir | Farm |
| 30:51 | Construir | Farm |
| 30:51 | Construir | Farm |
| 30:51 | Construir | Farm |
| 30:52 | Construir | Farm |
| 30:52 | Construir | Farm |
| 30:52 | Construir | Farm |
| 30:52 | Construir | Farm |
| 30:53 | Construir | Farm |
| 30:53 | Construir | Farm |
| 30:53 | Construir | Farm |
| 31:45 | Investigar | Castle Age |
| 32:09 | Construir | Stable |
| 32:29 | Investigar | Man-at-Arms (upgrade) |
| 32:48 | Construir | Blacksmith |
| 33:00 | Investigar | Gold Mining |
| 33:01 | Investigar | Stone Mining |
| 33:08 | Investigar | Stone Mining |
| 33:16 | Crear | Villager (Male) ×2 |
| 33:24 | Construir | Farm |
| 33:25 | Construir | Farm |
| 33:25 | Construir | Farm |
Build order — 挂逼老哥每天去会所
Primeras 150 de 253 acciones detectadas
| 1:55 | Construir | Town Center |
| 4:00 | Construir | House |
| 4:02 | Construir | House |
| 4:09 | Crear | Villager (Male) |
| 4:09 | Crear | Villager (Male) |
| 4:09 | Crear | Villager (Male) |
| 4:10 | Crear | Villager (Male) |
| 4:10 | Crear | Villager (Male) |
| 4:55 | Construir | House |
| 5:07 | Investigar | Loom |
| 5:51 | Crear | Villager (Male) |
| 5:52 | Crear | Villager (Male) |
| 6:39 | Crear | Villager (Male) |
| 6:40 | Crear | Villager (Male) |
| 6:40 | Crear | Villager (Male) |
| 6:53 | Construir | Mill |
| 7:40 | Crear | Villager (Male) |
| 7:41 | Crear | Villager (Male) |
| 8:51 | Crear | Villager (Male) |
| 8:51 | Crear | Villager (Male) |
| 8:52 | Crear | Villager (Male) |
| 8:52 | Crear | Villager (Male) |
| 8:52 | Crear | Villager (Male) |
| 10:12 | Crear | Villager (Male) |
| 10:12 | Crear | Villager (Male) |
| 10:12 | Crear | Villager (Male) |
| 10:13 | Crear | Villager (Male) |
| 10:13 | Crear | Villager (Male) |
| 10:13 | Crear | Villager (Male) |
| 11:12 | Crear | Villager (Male) |
| 11:12 | Crear | Villager (Male) |
| 11:12 | Crear | Villager (Male) |
| 11:12 | Crear | Villager (Male) |
| 11:32 | Crear | Villager (Male) |
| 11:33 | Crear | Villager (Male) |
| 11:33 | Crear | Villager (Male) |
| 11:33 | Crear | Villager (Male) |
| 12:33 | Construir | Lumber Camp |
| 13:08 | Investigar | Feudal Age |
| 13:08 | Investigar | Feudal Age |
| 13:31 | Construir | House |
| 13:44 | Crear | Villager (Male) |
| 13:44 | Crear | Villager (Male) |
| 13:44 | Crear | Villager (Male) |
| 14:57 | Construir | Barracks |
| 15:18 | Edad | Edad Feudal |
| 16:23 | Construir | Market |
| 16:46 | Investigar | Man-at-Arms (upgrade) |
| 17:06 | Construir | Blacksmith |
| 17:12 | Crear | Militia |
| 17:12 | Crear | Militia |
| 17:12 | Crear | Militia |
| 17:13 | Crear | Militia |
| 17:20 | Crear | Militia |
| 17:46 | Construir | Mining Camp |
| 18:00 | Construir | Farm |
| 18:02 | Construir | Farm |
| 18:04 | Construir | Farm |
| 18:12 | Construir | Farm |
| 18:13 | Construir | Farm |
| 18:31 | Construir | House |
| 19:00 | Construir | Farm |
| 19:02 | Construir | Farm |
| 19:06 | Construir | Farm |
| 19:23 | Crear | Militia |
| 19:23 | Crear | Militia |
| 19:23 | Crear | Militia |
| 19:23 | Crear | Militia |
| 19:24 | Crear | Militia |
| 19:24 | Crear | Militia |
| 19:24 | Crear | Militia |
| 20:08 | Construir | House |
| 20:18 | Investigar | Castle Age |
| 20:37 | Investigar | Horse Collar |
| 20:39 | Investigar | Double-Bit Axe |
| 20:39 | Investigar | Double-Bit Axe |
| 20:47 | Construir | House |
| 20:49 | Construir | House |
| 21:10 | Construir | Farm |
| 21:14 | Construir | Farm |
| 22:13 | Investigar | Forging |
| 22:34 | Construir | Farm |
| 22:58 | Edad | Edad de los Castillos |
| 23:15 | Construir | Town Center |
| 23:24 | Crear | Villager (Male) |
| 23:24 | Crear | Villager (Male) |
| 23:24 | Crear | Villager (Male) |
| 23:30 | Investigar | Bow Saw |
| 24:11 | Construir | Stable |
| 24:17 | Crear | Villager (Male) |
| 24:17 | Crear | Villager (Male) |
| 24:36 | Crear | Villager (Male) |
| 24:36 | Crear | Villager (Male) |
| 24:36 | Crear | Villager (Male) |
| 24:36 | Crear | Villager (Male) |
| 24:48 | Construir | Farm |
| 24:49 | Construir | Farm |
| 24:56 | Construir | Farm |
| 24:57 | Construir | Farm |
| 25:00 | Crear | Villager (Male) |
| 25:00 | Crear | Villager (Male) |
| 25:13 | Construir | Farm |
| 25:31 | Construir | Stone Wall |
| 25:35 | Construir | Building 673 |
| 26:04 | Construir | House |
| 26:06 | Construir | House |
| 26:07 | Construir | House |
| 26:19 | Construir | Stone Wall |
| 26:58 | Investigar | Bloodlines |
| 27:02 | Crear | Knight |
| 27:02 | Crear | Knight |
| 27:03 | Crear | Knight |
| 27:03 | Crear | Knight |
| 27:03 | Crear | Knight |
| 27:03 | Crear | Knight |
| 27:14 | Crear | Villager (Male) |
| 27:14 | Crear | Villager (Male) |
| 27:14 | Crear | Villager (Male) |
| 27:14 | Crear | Villager (Male) |
| 27:15 | Crear | Villager (Male) |
| 27:15 | Crear | Villager (Male) |
| 27:15 | Crear | Villager (Male) |
| 27:15 | Crear | Villager (Male) |
| 27:21 | Crear | Villager (Male) |
| 27:21 | Crear | Villager (Male) |
| 27:26 | Construir | Farm |
| 27:27 | Construir | Farm |
| 27:29 | Construir | Farm |
| 27:33 | Construir | Farm |
| 27:36 | Crear | Villager (Male) |
| 27:36 | Crear | Villager (Male) |
| 27:36 | Crear | Villager (Male) |
| 28:02 | Investigar | Stone Mining |
| 28:36 | Crear | Knight |
| 29:24 | Crear | Knight |
| 29:26 | Investigar | Scale Mail Armor |
| 29:30 | Crear | Villager (Male) |
| 29:30 | Crear | Villager (Male) |
| 29:30 | Crear | Villager (Male) |
| 29:30 | Crear | Villager (Male) |
| 29:30 | Crear | Villager (Male) |
| 29:31 | Crear | Villager (Male) |
| 29:31 | Crear | Villager (Male) |
| 29:31 | Crear | Villager (Male) |
| 29:43 | Investigar | Gold Mining |
| 29:53 | Construir | Farm |
| 29:56 | Construir | Farm |
| 29:57 | Construir | Farm |
| 30:04 | Construir | Farm |
| 30:06 | Crear | Villager (Male) |
Build order — GORRbarbarian
141 acciones detectadas en el replay
| 0:40 | Construir | Town Center |
| 2:55 | Construir | House |
| 2:59 | Investigar | Loom |
| 3:00 | Crear | Villager (Male) ×4 |
| 3:39 | Construir | House |
| 4:08 | Construir | House |
| 4:55 | Crear | Villager (Male) |
| 5:10 | Construir | Barracks |
| 5:26 | Crear | Villager (Male) |
| 5:53 | Crear | Villager (Male) |
| 6:18 | Crear | Villager (Male) |
| 6:40 | Crear | Villager (Male) |
| 7:02 | Crear | Villager (Male) |
| 7:34 | Crear | Villager (Male) |
| 7:56 | Crear | Villager (Male) |
| 8:27 | Construir | House |
| 8:39 | Crear | Villager (Male) |
| 8:51 | Construir | Dock |
| 9:11 | Crear | Villager (Male) |
| 9:24 | Crear | Villager (Male) |
| 9:35 | Construir | Mill |
| 10:01 | Crear | Villager (Male) |
| 10:07 | Crear | Fishing Ship |
| 10:27 | Crear | Villager (Male) |
| 10:47 | Crear | Fishing Ship ×2 |
| 10:55 | Crear | Villager (Male) |
| 11:15 | Crear | Villager (Male) |
| 11:32 | Crear | Fishing Ship |
| 11:41 | Crear | Villager (Male) |
| 11:56 | Construir | House |
| 11:57 | Construir | House |
| 11:59 | Construir | House |
| 12:01 | Construir | House |
| 12:28 | Construir | Mill |
| 12:43 | Crear | Villager (Male) |
| 12:46 | Crear | Fishing Ship |
| 12:59 | Crear | Villager (Male) |
| 13:02 | Crear | Fishing Ship |
| 13:35 | Construir | Lumber Camp |
| 13:43 | Crear | Villager (Male) |
| 14:02 | Crear | Villager (Male) |
| 14:05 | Crear | Fishing Ship |
| 14:14 | Construir | Farm |
| 14:31 | Crear | Villager (Male) |
| 14:34 | Crear | Fishing Ship |
| 14:40 | Construir | Farm |
| 14:58 | Investigar | Feudal Age |
| 15:09 | Crear | Militia ×4 |
| 15:26 | Crear | Fishing Ship |
| 15:34 | Construir | Farm |
| 16:12 | Crear | Fishing Ship |
| 17:01 | Crear | Fishing Ship |
| 17:08 | Edad | Edad Feudal |
| 17:09 | Investigar | Man-at-Arms (upgrade) |
| 17:32 | Investigar | Wheelbarrow |
| 17:47 | Crear | Fishing Ship |
| 17:57 | Construir | Mining Camp |
| 18:03 | Construir | Market |
| 18:08 | Construir | Blacksmith |
| 19:44 | Crear | Villager (Male) ×5 |
| 20:55 | Construir | Barracks |
| 21:00 | Construir | Barracks |
| 21:11 | Construir | Lumber Camp |
| 21:41 | Construir | Barracks |
| 21:52 | Investigar | Castle Age |
| 22:04 | Construir | House |
| 22:05 | Construir | House |
| 22:09 | Construir | House |
| 22:40 | Crear | Militia ×5 |
| 22:40 | Crear | Militia ×5 |
| 22:41 | Crear | Militia ×5 |
| 22:41 | Crear | Militia ×5 |
| 22:41 | Crear | Militia ×2 |
| 23:32 | Construir | House |
| 23:33 | Construir | House |
| 23:35 | Construir | House |
| 23:36 | Construir | House |
| 23:37 | Construir | House |
| 23:40 | Construir | House |
| 23:41 | Construir | House |
| 23:50 | Investigar | Double-Bit Axe |
| 23:52 | Investigar | Horse Collar |
| 24:29 | Crear | Villager (Male) ×2 |
| 24:34 | Edad | Edad de los Castillos |
| 24:48 | Construir | Town Center |
| 25:10 | Investigar | Scale Mail Armor |
| 26:06 | Investigar | Long Swordsman (upgrade) |
| 26:07 | Crear | Militia |
| 26:07 | Crear | Militia |
| 26:35 | Construir | Siege Workshop |
| 26:37 | Construir | Siege Workshop |
| 26:49 | Construir | Farm |
| 26:50 | Construir | Farm |
| 27:12 | Investigar | Forging |
| 27:18 | Crear | Militia ×2 |
| 27:40 | Crear | Militia |
| 27:40 | Crear | Militia |
| 27:50 | Crear | Battering Ram |
| 27:51 | Crear | Battering Ram |
| 28:01 | Construir | Barracks |
| 28:14 | Crear | Villager (Male) ×2 |
| 28:14 | Crear | Villager (Male) ×3 |
| 28:15 | Crear | Villager (Male) |
| 28:52 | Crear | Battering Ram |
| 29:01 | Crear | Militia ×2 |
| 29:01 | Crear | Militia ×2 |
| 29:55 | Construir | Barracks |
| 29:57 | Construir | Barracks |
| 29:58 | Construir | Barracks |
| 30:22 | Crear | Militia ×5 |
| 30:23 | Crear | Militia ×5 |
| 30:23 | Crear | Militia |
| 31:14 | Crear | Militia ×3 |
| 31:15 | Crear | Militia ×3 |
| 32:28 | Investigar | Pikeman (upgrade) |
| 32:29 | Crear | Spearman ×4 |
| 32:30 | Crear | Spearman ×4 |
| 32:56 | Crear | Militia |
| 32:56 | Crear | Militia |
| 33:34 | Crear | Scorpion ×5 |
| 33:49 | Crear | Spearman ×5 |
| 33:50 | Crear | Spearman ×5 |
| 33:50 | Crear | Spearman |
| 34:02 | Crear | Battering Ram ×5 |
| 35:12 | Construir | University |
| 35:43 | Construir | Monastery |
| 36:09 | Construir | Mill |
| 36:27 | Investigar | Imperial Age |
| 37:29 | Investigar | Hand Cart |
| 37:42 | Crear | Monk |
| 38:07 | Crear | Militia ×3 |
| 38:07 | Crear | Militia ×3 |
| 39:16 | Crear | Spearman ×5 |
| 39:16 | Crear | Spearman ×5 |
| 39:37 | Edad | Edad Imperial |
| 39:50 | Crear | Villager (Male) ×2 |
| 39:51 | Crear | Villager (Male) |
| 39:51 | Crear | Villager (Male) |
| 40:01 | Construir | Town Center |
| 40:42 | Crear | Battering Ram ×5 |
| 41:07 | Construir | Lumber Camp |
Build order — 45001072
128 acciones detectadas en el replay
| 0:13 | Construir | House |
| 0:40 | Construir | House |
| 1:51 | Construir | Town Center |
| 1:59 | Construir | House |
| 2:02 | Construir | House |
| 2:11 | Construir | House |
| 3:56 | Crear | Villager (Male) |
| 3:56 | Crear | Villager (Male) |
| 3:57 | Crear | Villager (Male) |
| 3:57 | Crear | Villager (Male) |
| 3:57 | Crear | Villager (Male) |
| 3:59 | Investigar | Loom |
| 5:43 | Crear | Villager (Male) |
| 6:21 | Crear | Villager (Male) |
| 6:36 | Construir | Mill |
| 6:52 | Crear | Villager (Male) |
| 7:47 | Crear | Villager (Male) |
| 7:47 | Crear | Villager (Male) |
| 7:47 | Crear | Villager (Male) |
| 7:48 | Crear | Villager (Male) |
| 8:40 | Crear | Villager (Male) |
| 8:40 | Crear | Villager (Male) |
| 8:58 | Crear | Villager (Male) |
| 8:58 | Crear | Villager (Male) |
| 9:25 | Crear | Villager (Male) |
| 9:25 | Crear | Villager (Male) |
| 10:03 | Crear | Villager (Male) |
| 10:04 | Crear | Villager (Male) |
| 10:04 | Crear | Villager (Male) |
| 11:17 | Crear | Villager (Male) |
| 11:38 | Construir | Lumber Camp |
| 12:36 | Investigar | Feudal Age |
| 13:45 | Construir | Barracks |
| 14:05 | Construir | Mining Camp |
| 14:11 | Crear | Villager (Male) |
| 14:12 | Crear | Villager (Male) |
| 14:12 | Crear | Villager (Male) |
| 14:12 | Crear | Villager (Male) |
| 14:46 | Edad | Edad Feudal |
| 14:53 | Construir | Blacksmith |
| 15:53 | Construir | Stable |
| 16:35 | Crear | Villager (Male) |
| 17:02 | Construir | Mill |
| 17:29 | Crear | Scout Cavalry |
| 17:41 | Crear | Villager (Male) |
| 18:58 | Crear | Villager (Male) |
| 19:56 | Construir | House |
| 19:58 | Construir | House |
| 19:59 | Construir | House |
| 20:56 | Investigar | Castle Age |
| 21:00 | Investigar | Horse Collar |
| 21:14 | Investigar | Double-Bit Axe |
| 21:26 | Construir | House |
| 21:28 | Construir | House |
| 21:30 | Construir | House |
| 22:20 | Investigar | Heavy Plow |
| 22:39 | Construir | Mill |
| 22:52 | Construir | Farm |
| 22:53 | Construir | Farm |
| 22:55 | Construir | Farm |
| 22:56 | Construir | Farm |
| 23:05 | Investigar | Bow Saw |
| 23:10 | Investigar | Gold Mining |
| 23:36 | Edad | Edad de los Castillos |
| 23:40 | Construir | Town Center |
| 23:44 | Crear | Villager (Male) |
| 23:59 | Crear | Knight |
| 24:17 | Construir | Farm |
| 24:20 | Crear | Villager (Male) |
| 24:24 | Crear | Knight |
| 24:35 | Construir | Monastery |
| 25:16 | Crear | Knight |
| 25:34 | Crear | Knight |
| 25:48 | Construir | Farm |
| 25:52 | Crear | Villager (Male) |
| 26:04 | Construir | Town Center |
| 26:07 | Crear | Monk |
| 26:17 | Crear | Knight |
| 26:37 | Crear | Knight |
| 26:56 | Construir | Farm |
| 27:00 | Crear | Villager (Male) |
| 27:43 | Construir | Farm |
| 27:46 | Crear | Villager (Male) |
| 28:05 | Investigar | Fletching |
| 28:22 | Crear | Villager (Male) |
| 28:28 | Construir | Farm |
| 28:32 | Crear | Villager (Male) |
| 28:44 | Construir | House |
| 28:54 | Crear | Villager (Male) |
| 29:41 | Construir | Watch Tower |
| 29:49 | Crear | Knight |
| 30:53 | Construir | House |
| 30:54 | Construir | House |
| 31:16 | Construir | Stable |
| 31:55 | Investigar | Bodkin Arrow |
| 32:08 | Crear | Knight |
| 32:08 | Crear | Knight |
| 32:15 | Construir | House |
| 32:16 | Construir | House |
| 33:21 | Investigar | Cavalier (upgrade) |
| 34:06 | Construir | Town Center |
| 34:32 | Construir | Watch Tower |
| 34:47 | Crear | Villager (Male) |
| 35:19 | Construir | Blacksmith |
| 35:27 | Crear | Villager (Male) |
| 35:37 | Construir | Farm |
| 35:38 | Construir | Farm |
| 35:45 | Crear | Knight |
| 35:48 | Crear | Villager (Male) |
| 36:08 | Crear | Villager (Male) |
| 36:14 | Investigar | Two-Man Saw |
| 36:17 | Crear | Knight |
| 36:18 | Crear | Knight |
| 36:32 | Crear | Villager (Male) |
| 36:39 | Construir | Farm |
| 36:42 | Investigar | Forging |
| 36:54 | Crear | Villager (Male) |
| 37:20 | Crear | Villager (Male) |
| 37:27 | Crear | Villager (Male) |
| 37:46 | Crear | Villager (Male) |
| 38:05 | Construir | House |
| 38:06 | Construir | House |
| 38:15 | Investigar | Wheelbarrow |
| 38:31 | Investigar | Scale Barding Armor |
| 38:41 | Crear | Knight |
| 38:41 | Crear | Knight |
| 40:39 | Investigar | Chain Barding Armor |
| 40:50 | Construir | Town Center |
Cronología de la partida
| 5:10 | GORRbarbarian · first_building Barracks |
| 8:51 | GORRbarbarian · first_building Dock |
| 10:40 | Denisov · first_building Barracks |
| 13:45 | 45001072 · first_building Barracks |
| 14:46 | 45001072 · age_up feudal |
| 14:57 | 挂逼老哥每天去会所 · first_building Barracks |
| 15:18 | 挂逼老哥每天去会所 · age_up feudal |
| 15:53 | 45001072 · first_building Stable |
| 17:08 | GORRbarbarian · age_up feudal |
| 20:12 | Denisov · age_up feudal |
| 22:58 | 挂逼老哥每天去会所 · age_up castle |
| 23:36 | 45001072 · age_up castle |
| 23:46 | Denisov · first_building Archery Range |
| 23:50 | Denisov · first_building Stable |
| 24:11 | 挂逼老哥每天去会所 · first_building Stable |
| 24:34 | GORRbarbarian · age_up castle |
| 24:35 | 45001072 · first_building Monastery |
| 25:31 | 挂逼老哥每天去会所 · wall_segment Stone Wall x7 |
| 26:19 | 挂逼老哥每天去会所 · wall_segment Stone Wall x3 |
| 26:35 | GORRbarbarian · first_building Siege Workshop |
| 34:25 | Denisov · age_up castle |
| 34:34 | GORRbarbarian · first_market_buy 500 food |
| 34:38 | GORRbarbarian · first_market_sell 500 wood |
| 34:55 | 挂逼老哥每天去会所 · first_building Castle |
| 35:42 | Denisov · first_building Castle |
| 35:43 | GORRbarbarian · first_building Monastery |
| 39:37 | GORRbarbarian · age_up imperial |
| 40:32 | 挂逼老哥每天去会所 · age_up imperial |
| 40:38 | 挂逼老哥每天去会所 · first_market_sell 100 wood |
| 41:07 | 45001072 · resign |
[ ANÁLISIS IA · 1 CRÉDITO ]
¿Qué pasó realmente en esta partida?
Wolo.gg analiza cada decisión: build order, eco, micro, errores típicos por bracket. Análisis personalizado por WhatsApp o Discord en 30 segundos.
Guía civ
Borgoñones
Guía mapa
Nomad
Perfil
Denisov